 Dungeon Crawl Stone Soup version 0.22-b1-26-g9dbaab1 (webtiles) character file.

23 Lew the Ducker (level 2, -3/12 HPs)
             Began as a Felid Transmuter on Aug 7, 2018.
             Slain by a worm (9 damage)
             ... on level 2 of the Dungeon.
             The game lasted 00:03:38 (1127 turns).

Lew the Ducker (Felid Transmuter)                   Turns: 1127, Time: 00:03:39

Health: -3/12      AC:  1    Str:  6    XL:     2   Next: 75%
Magic:  4/6        EV: 18    Int: 14    God:
Gold:   78         SH:  0    Dex: 16    Spells: 4/5 levels left
                                        Lives:  0   Deaths: 0

rFire    . . .     SeeInvis +     - Unarmed
rCold    . . .     Gourm    .   (shield unavailable)
rNeg     . . .     Faith    .   (armour unavailable)
rPois    .         Spirit   .   (helmet unavailable)
rElec    .         Reflect  .   (cloak unavailable)
rCorr    .         Harm     .   (gloves unavailable)
MR       .....                  (boots unavailable)
Stlth    ++........             (no amulet)
HPRegen  0.04/turn              (no ring)
MPRegen  0.10/turn              (no ring)

@: very slightly contaminated, quick
A: very small, no armour, no weapons or thrown items, stealth, claws 1, fangs 3,
see invisible, carnivore, speed 1, shaggy fur 1, slow metabolism 1, sharp paws
a: no special abilities


You were on level 2 of the Dungeon.
You were not hungry.

You visited 1 branch of the dungeon, and saw 2 of its levels.

You collected 78 gold pieces.

Inventory:

Missiles
 a - 12 arrows
Scrolls
 e - a scroll of teleportation {unknown}
 f - a scroll of identify {unknown}
 g - a scroll of fog {unknown}
Potions
 b - a potion of haste {unknown}
 d - a potion of curing {unknown}
 h - a potion of degeneration {unknown}
Comestibles
 c - 4 rations


   Skills:
 + Level 1.4 Fighting
 * Level 3.1 Dodging
 * Level 1.4 Stealth
 + Level 3.1 Unarmed Combat
 + Level 2.2 Spellcasting
 + Level 2.4 Transmutations


You had 4 spell levels left.
You knew the following spells:

 Your Spells              Type           Power        Failure   Level  Hunger
a - Beastly Appendage     Tmut           #.....       9%          1    #......

Your spell library contained the following spells:

 Spells                   Type           Power        Failure   Level  Hunger
 Spider Form              Tmut/Pois      #.........   38%         3    ###....
 Blade Hands              Tmut           #.........   94%         5    ######.
 Ice Form                 Ice/Tmut       #.......     80%         4    #####..
 Sticks to Snakes         Tmut           #.......     13%         2    ###....


Dungeon Overview and Level Annotations

Branches:
Dungeon (2/15)

Altars:
Zin

Shops:
D:2 *


Innate Abilities, Weirdness & Mutations

You cannot wear armour.
You are incapable of wielding weapons or throwing items.
Your paws allow you to move quietly. (Stealth)
You have sharp claws.
You have razor-sharp teeth.
You have supernaturally acute eyesight. (SInv)
You are carnivorous and can eat meat at any time.
You cover ground quickly.
You are covered in fur. (AC +1)
You have a slow metabolism.
Your sharp claws are effective at attacking unaware monsters.


Message History

Your horns disappear.
Found 6 javelins.
The worm misses you. The dart slug launches a dart at you.
The slug dart hits you!
Ouch! That really hurt!
You are too injured to fight recklessly!
You are too injured to fight recklessly!
You are too injured to fight recklessly!
You scratch the worm but do no damage. Your bite misses the worm.
You scratch the worm.
The worm is lightly wounded.
The worm misses you.
You scratch the worm but do no damage.
The worm is lightly wounded.
You barely miss the worm.
The worm is lightly wounded.
The worm bites you!
Ouch! That really hurt!
You die...

#. ... .# #.. . ..#.# .
######.# ##### .
≈≈≈≈≈≈.###...## #+## .
### #.##.....##..(## .
... #.#...∩........##
.###.###........@.w....#
...#.#...........w......
..)#.#......#_#.........
#..........##⌠##........
###.#†#.#...###........#
#...................##
#####.######...#...##
#.# #####+## #.# #.#


You could see a worm and a dart slug.

Vanquished Creatures
  A dart slug (D:1)
  A giant cockroach (D:2)
  A goblin (D:2)
  6 hobgoblins
  5 bats (D:1)
  2 frilled lizards (D:1)
  A kobold (D:1)
  4 rats (D:1)
21 creatures vanquished.

Notes
Turn   | Place    | Note
-------+----------+-------------------------------------------
     0 | D:1      | Lew the Felid Transmuter began the quest for the Orb.
     0 | D:1      | Reached XP level 1. HP: 9/9 MP: 4/4
   261 | D:1      | Reached skill level 1 in Stealth
   274 | D:1      | Reached XP level 2. HP: 12/12 MP: 4/6
  1096 | D:2      | Found Zin's Purification Station.
  1113 | D:2      | Found a glowing silver altar of Zin.
  1127 | D:2      | Slain by a worm

Skill      XL: |  1 |
---------------+----+-----
Dodging        | 3 |  3.1
Stealth        | 1 |  1.4
Fighting       | |  1.4
Unarmed Combat | |  3.1
Spellcasting   | |  2.2
Transmutations | |  2.4

Action                   || total
-------------------------++-------
Melee: Unarmed           ||    71
       Punch             ||     1
       Headbutt          ||     4
       Bite              ||     2
 Cast: Beastly Appendage ||    18
 Stab: Sleeping          ||     7
Armor: Skin              ||     7
Dodge: Dodged            ||    59
